 Dungeon Crawl Stone Soup version 0.24.0-123-gd5b16e6ec5 (webtiles) character file.

Game seed: 1674755447236082219, levelgen mode: deterministic

154 Hasart the Chiller (level 5, 0/35 HPs)
             Began as a Vampire Ice Elementalist on Jan 14, 2020.
             Slain by a ball python (1 damage)
             ... in a sewer.
             The game lasted 00:07:53 (2604 turns).

Hasart the Chiller (Vampire Ice Elementalist)       Turns: 2604, Time: 00:07:53

Health: 0/35       AC:  2    Str:  3    XL:     5   Next: 13%
Magic:  7/9        EV: 11    Int: 18    God:
Gold:   158        SH:  0    Dex: 15    Spells: 4/9 levels left

rFire    . . .     SeeInvis +   e - +0 short sword
rCold    + . .     Gourm    .   (no shield)
rNeg     . . .     Faith    .   a - +0 robe
rPois    .         Spirit   .   (no helmet)
rElec    .         Reflect  .   (no cloak)
rCorr    .         Harm     .   (no gloves)
MR       .....                  (no boots)
Stlth    ++........             (no amulet)
HPRegen  0.31/turn              d - ring of protection from cold
MPRegen  0.11/turn              j - -4 ring of strength (curse)

@: regenerating quickly, constricted
A: no food, fangs 3, see invisible, unbreathing
a: Exsanguinate


You were in a sewer.
You were alive.

You visited 1 branch of the dungeon, and saw 3 of its levels.
You also visited: Sewer.

You collected 158 gold pieces.

Inventory:

Hand Weapons
 e - a +0 short sword (weapon)
Armour
 a - a +0 robe (worn)
 b - a +0 buckler
Jewellery
 d - a ring of protection from cold (left hand)
 j - a cursed -4 ring of strength (right hand)
Scrolls
 f - 2 scrolls of teleportation {unknown}
 h - 2 scrolls of identify {unknown}
Potions
 c - 2 potions of heal wounds {unknown}
 g - 2 potions of lignification {unknown}
 i - a potion of brilliance {unknown}
 k - a potion of might {unknown}
 l - a potion of curing {unknown}


   Skills:
 + Level 3.4 Dodging
 - Level 3.0 Stealth
 + Level 2.9 Spellcasting
 + Level 1.0 Conjurations
 * Level 4.5 Ice Magic


You had 4 spell levels left.
You knew the following spells:

 Your Spells              Type           Power        Failure   Level  Hunger
a - Freeze                Ice            ###.         2%          1    N/A
b - Throw Icicle          Conj/Ice       ##......     45%         4    N/A

Your spell library contained the following spells:

 Spells                   Type           Power        Failure   Level  Hunger
 Throw Frost              Conj/Ice       ##....       8%          2    N/A
 Ozocubu's Armour         Chrm/Ice       ##......     19%         3    N/A
 Summon Ice Beast         Ice/Summ       ##......     54%         4    N/A

Dungeon Overview and Level Annotations

Branches:
Dungeon (3/15)              Sewer (1/1)

Altars:
Cheibriados
Hepliaklqana
Kikubaaqudgha
Trog


Innate Abilities, Weirdness & Mutations

You do not eat.
Your natural rate of healing is unusually fast.
You have razor-sharp teeth.
You have supernaturally acute eyesight. (SInv)
You can survive without breathing.


Message History

You freeze the frilled lizard.
You kill the frilled lizard!
The sickly merfolk siren hits you from afar with a +0 trident!
The ball python bites you. The ball python closely misses you.
The sickly merfolk siren hits you with a +0 trident!
* * * LOW HITPOINT WARNING * * *
Casting: Freeze (safe; 2% risk of failure)
Confirm with . or Enter, or press ? or * to list all spells.
Aiming: Freeze (safe; 2% risk of failure)
Press: ? - help, Shift-Dir - straight line, f - sickly merfolk siren
Aim: a sickly merfolk siren, wielding a +0 trident You freeze the sickly merfolk siren.
The sickly merfolk siren is heavily wounded.
The ball python barely misses you. The ball python grabs you.
* * * LOW HITPOINT WARNING * * *
The ball python constricts you.
The sickly merfolk siren chants a haunting song.
You resist with some effort. The ball python bites you.
* * * LOW HITPOINT WARNING * * *
You die...

##≈.## ###≈≈≈.######
#∩∩≈≈≈†......
############# ##
##########≈≈≈≈≈≈≈≈≈≈
#$$
#≈≈≈≈≈≈≈≈≈≈†≈≈≈..≈..
r.
###≈†s#############.†#
####≈###≈≈≈#S# ####
#≈≈≈≈≈≈r≈≈##@#
#≈≈≈≈≈....rm.#
#≈≈≈...####### ≈≈≈...#
≈...## ###


You could see a sickly merfolk siren, a giant cockroach, a ball python and a
rat.

Vanquished Creatures
  Terence (D:2)
  2 adders
  2 river rats
  2 oozes (D:1)
  4 worms
  3 leopard geckos
  7 giant cockroaches
  4 goblins
  7 hobgoblins
  4 jackals
  2 ball pythons
  12 bats
  6 frilled lizards
  6 kobolds
  12 rats
74 creatures vanquished.

Notes
Turn   | Place    | Note
-------+----------+-------------------------------------------
     0 | D:1      | Hasart the Vampire Ice Elementalist began the quest for the
                  | Orb.
     0 | D:1      | Reached XP level 1. HP: 13/13 MP: 3/3
   185 | D:1      | Reached XP level 2. HP: 11/19 MP: 0/5
   912 | D:1      | Reached XP level 3. HP: 18/24 MP: 4/6
  1334 | D:2      | Noticed Terence
  1344 | D:2      | Killed Terence
  1344 | D:2      | Reached skill level 4 in Ice Magic
  1344 | D:2      | Reached XP level 4. HP: 17/30 MP: 0/7
  1419 | D:2      | Learned a level 4 spell: Throw Icicle
  1544 | D:2      | Found an ancient bone altar of Kikubaaqudgha.
  1669 | D:2      | Found a bloodstained altar of Trog.
  2055 | D:3      | Found a snail-covered altar of Cheibriados.
  2113 | D:3      | Found a hazy altar of Hepliaklqana.
  2326 | D:3      | Found a glowing drain.
  2338 | D:3      | Reached skill level 1 in Conjurations
  2391 | Sewer    | Entered a sewer
  2410 | Sewer    | Reached XP level 5. HP: 35/35 MP: 3/9
  2604 | Sewer    | HP: 1/35 [ball python (1)]
  2604 | Sewer    | Slain by a ball python

Levels and vault maps discovered:
D:1:      zaba_arrival_water, layout_loops_cross
D:2:      layout_basic, lemuel_crystal_altar, lemuel_crystal_altar, uniq_terence
D:3:      layout_loops_corners, cheibriados_altar_1, marbit_many_paths,
          portal_sewer_entry_b
Sewer:    sewer_sea

Skill      XL: |  1  2  3  4 |
---------------+-------------+-----
Dodging        | 3 |  3.4
Ice Magic      | 4 |  4.5
Conjurations   | 1 |  1.0
Stealth        | |  3.0
Spellcasting   | |  2.9

Action                   |  1- 3 |  4- 6 || total
-------------------------+-------+-------++-------
Melee: Unarmed           |     6 |       ||     6
       Short sword       |    33 |    17 ||    50
       Bite              |     2 |     2 ||     4
 Cast: Freeze            |    43 |    76 ||   119
 Stab: Sleeping          |     4 |     1 ||     5
       Distracted        |       |     1 ||     1
Armor: Robe              |    27 |    13 ||    40
Dodge: Dodged            |    53 |    48 ||   101
